AoeStats
← ncurottoe

Scandinavia

510400640Analyzed
1v1 RM · 2d ago on Sep 30, 2026· 18m 11s· 2 players
Game mode
Random Map
Map size
Tiny (2 player)
Population
200
Speed
Normal
Resources
Standard
Victory
Conquest
Starting age
Dark Age
Ending age
Imperial Age
RankedLock teamsTeams togetherTeam positionsShared explorationLock speedFull tech treeHidden civsTurbo modeCheats
Victory
Defeat
🇺🇸 Burmese · United States
1356
+16
🇨🇱 Celts · Chile
1359
-16
minor_seth
9:35 Loom
11:46 Feudal Age
12:03 Loom
16:01 Castle Age
16:35 Padded Archer Armor
16:26 Fletching
ncurottoe
8:52 Feudal Age
9:19 Man-at-Arms
10:05 Double-Bit Axe
10:23 Loom
15:36 Fletching
20:14 Castle Age
Connection lost

Rejoining the realm…

Still unreachable

The connection could not be restored.

Session expired

The server has moved on; the page needs a fresh start.